 Dungeon Crawl Stone Soup version 0.29.1-2-gbd0b4ee654 (webtiles) character file.

Game seed: 850134210455222410

102 zermelo the Chopper (level 4, 0/39 HPs)
             Began as a Minotaur Berserker on Nov 10, 2022.
             Was a Believer of Trog.
             Slain by a gnoll
             ... wielding a +0 halberd
              (9 damage)
             ... on level 3 of the Dungeon.
             The game lasted 00:13:33 (2196 turns).

zermelo the Chopper (Minotaur Berserker)            Turns: 2196, Time: 00:13:33

Health: 0/39       AC:  7    Str: 23    XL:     4   Next: 50%
Magic:  3/3        EV: 10    Int:  4    God:    Trog [**....]
Gold:   96         SH:  3    Dex: 10    Spells: 3/3 levels left

rFire   x . .      SeeInvis .   a - +0 hand axe
rCold   + . .      Faith    .   m - +0 buckler
rNeg    . . .      Spirit   .   h - +0 scale mail
rPois   .          Reflect  .   (helmet restricted)
rElec   .          Harm     .   (no cloak)
rCorr   .          Rampage  .   (no gloves)
Will    .....                   e - +0 pair of boots
Stlth   ..........              (no amulet)
HPRegen 0.13/turn               k - ring of ice
MPRegen 0.08/turn               (no ring)

@: no status effects
A: horns 2, retaliatory headbutt
a: Renounce Religion, Berserk, Trog's Hand


You were on level 3 of the Dungeon.
You worshipped Trog.
Trog was pleased with you.
You visited 1 branch of the dungeon, and saw 3 of its levels.

You collected 96 gold pieces.

Inventory:

Hand Weapons
 a - a +0 hand axe (weapon)
 g - a +0 long sword
 j - a +0 hand axe
Missiles
 d - 18 stones (quivered)
 p - 2 poisoned darts
Armour
 c - a +0 ring mail
 e - a +0 pair of boots (worn)
 h - a +0 scale mail (worn)
 m - a +0 buckler (worn)
Jewellery
 k - a ring of ice (left hand)
Scrolls
 b - 4 scrolls of identify
 n - 3 scrolls of teleportation
 o - a scroll of fog {unknown}
 s - a scroll of summoning {unknown}
 t - a scroll of immolation {unknown}
Potions
 f - 2 potions of haste {unknown}
 i - 4 potions of curing {unknown}
 l - 2 potions of degeneration {unknown}
 q - 2 potions of cancellation {unknown}
 r - a potion of mutation {unknown}


   Skills:
 - Level 3.6 Fighting
 * Level 6.4 Axes
 - Level 2.4 Armour
 - Level 2.1 Dodging


You had 3 spell levels left.
You didn't know any spells.
Your spell library was empty.

Dungeon Overview and Level Annotations

Branches:
Dungeon (3/15)

Altars:

Shops:
D:1 [


Innate Abilities, Weirdness & Mutations

You have a pair of horns on your head.
You reflexively headbutt those who attack you in melee.


Message History

The gnoll is moderately wounded.
The gnoll closely misses you. The gnoll hits you with a +0 club.
You hit the gnoll.
The gnoll is moderately wounded.
You block the gnoll's attack. The gnoll barely misses you.
You barely miss the gnoll.
The gnoll is moderately wounded.
The gnoll hits you from afar with a +0 halberd.
The gnoll closely misses you.
You barely miss the gnoll.
The gnoll is moderately wounded.
The gnoll hits you from afar with a +0 halberd.
The gnoll hits you with a +0 club.
You are too injured to fight recklessly!
You are too injured to fight recklessly!
You are too injured to fight recklessly!
You are too injured to fight recklessly!
You are too injured to fight recklessly!
You are too injured to fight recklessly!
You are too injured to fight recklessly!
You are too injured to fight recklessly!
You are too injured to fight recklessly!
You are too injured to fight recklessly!
You hit the gnoll.
The gnoll is almost dead.
The gnoll misses you. The gnoll hits you with a +0 club.
You barely miss the gnoll.
The gnoll is almost dead.
The gnoll hits you from afar with a +0 halberd.
The gnoll hits you with a +0 club.
You hit the gnoll but do no damage.
The gnoll is almost dead.
The gnoll hits you from afar with a +0 halberd!
* * * LOW HITPOINT WARNING * * *
The gnoll hits you but does no damage.
You hit the gnoll.
You kill the gnoll!
Trog accepts your kill.
The gnoll hits you from afar with a +0 halberd!
You die...

#.......# #.......# #
#.#'###.# . #.
#<#..##.# ..
#.#####....# ...
#.......#..### ..$.
#.......##...# .....
#.......##.#.##g.....
#.......'..#.@g......
#.......#######g#####
#.......# # #.......#
#########


You could see 2 gnolls and a goblin.

Vanquished Creatures
  3 adders
  A gnoll (D:3)
  A worm (D:3)
  7 ball pythons
  7 endoplasms
  3 giant cockroaches
  8 goblins
  8 hobgoblins
  6 jackals (D:2)
  5 kobolds
  3 quokkas
  5 bats
  4 frilled lizards
  6 rats
67 creatures vanquished.

Notes
Turn   | Place    | Note
-------+----------+-------------------------------------------
     0 | D:1      | zermelo the Minotaur Berserker began the quest for the Orb.
     0 | D:1      | Reached XP level 1. HP: 19/19 MP: 0/0
   274 | D:1      | Reached skill level 4 in Axes
   316 | D:1      | Reached XP level 2. HP: 26/26 MP: 1/1
   590 | D:1      | Reached ** piety under Trog
   612 | D:1      | Reached skill level 5 in Axes
   624 | D:1      | Reached XP level 3. HP: 29/31 MP: 2/2
   716 | D:1      | Found Ruigas's Antique Armour Shoppe.
  1449 | D:2      | Found a faded altar of an unknown god.
  1550 | D:2      | Reached XP level 4. HP: 34/39 MP: 3/3
  1641 | D:2      | Reached skill level 6 in Axes
  2196 | D:3      | Slain by a gnoll

Illustrated notes

Levels and vault maps discovered:
D:1:      lightli_iron_boxes, layout_loops_ring, serial_shops,
          nicolae_lakefront_shop, nicolae_concentric_dashed_squares_wild,
          minmay_pentomino_w4
D:2:      layout_loops_ring, dilly_ecumenical_altar_fadedgnrine
D:3:      layout_basic, vehumet_statue, serial_shops,
          nicolae_shop_bloodbath_and_beyond

Skill      XL: |  1  2  3  4 |
---------------+-------------+-----
Axes           | 4 5 6 |  6.4
Fighting       | |  3.6
Armour         | |  2.4
Dodging        | |  2.1

Action                   |  1- 3 |  4- 6 || total
-------------------------+-------+-------++-------
Melee: Hand axe          |   120 |    40 ||   160
       Headbutt          |     7 |     4 ||    11
  Use: Scroll            |     2 |       ||     2
Armor: Ring mail         |    30 |       ||    30
       Scale mail        |    23 |    11 ||    34
Dodge: Dodged            |    62 |    20 ||    82
Block: Buckler           |     4 |     6 ||    10
